 Dungeon Crawl Stone Soup version 0.28-a0-1624-g820543e53a (webtiles) character file.

Game seed: 3185791306142907320

7879 oldriver the Tainter (level 11, -8/91 HPs)
             Began as a Naga Venom Mage on Jan 22, 2022.
             Was a Priest of Lugonu.
             Mangled by Snorg (17 damage)
             ... on level 10 of the Dungeon on Jan 24, 2022.
             The game lasted 00:27:36 (18494 turns).

oldriver the Tainter (Naga Venom Mage)             Turns: 18494, Time: 00:27:36

Health: -8/91      AC: 18    Str: 11    XL:     11   Next: 22%
Magic:  6/23       EV: 11    Int: 20    God:    Lugonu [***...]
Gold:   960        SH:  8    Dex: 11    Spells: 15/27 levels left

rFire   . . .      SeeInvis +   t - +0 flail (holy)
rCold   . . .      Faith    .   x - +0 kite shield
rNeg    + . .      Spirit   .   C - +0 steam dragon scales
rPois   +          Reflect  .   (no helmet)
rElec   .          Harm     .   E - +2 cloak {Will+}
rCorr   .          Rampage  .   r - +2 pair of gloves
Will    ++...                   w - +2 barding {Fly}
Stlth   ++++......              (no amulet)
HPRegen 0.25/turn               d - +4 ring of evasion
MPRegen 0.18/turn               i - ring of positive energy

@: flying, very slow
A: AC +3, large, see invisible, deformed body, poison resistance, slowness 2,
spit poison 1, naga tail 1
a: Spit Poison, Renounce Religion, Depart the Abyss, Bend Space, Banish


You were on level 10 of the Dungeon.
You worshipped Lugonu.
Lugonu was most pleased with you.
You visited 1 branch of the dungeon, and saw 10 of its levels.
You also visited: Ossuary.

You collected 1104 gold pieces.
You spent 144 gold pieces at shops.

Inventory:

Hand Weapons
 a - a +2 scimitar of venom
 t - a +0 flail of holy wrath (weapon)
 z - a +4 flail
Missiles
 g - a throwing net
Armour
 r - a +2 pair of gloves (worn)
 w - a +2 barding of flying (worn)
 x - a +0 kite shield (worn)
 C - +0 steam dragon scales (worn)
 E - a +2 cloak of willpower (worn)
Jewellery
 d - a +4 ring of evasion (left hand)
 i - a ring of positive energy (right hand)
 p - a ring of ice
 v - a ring of fire
Wands
 q - a wand of flame (48)
 y - a wand of digging (4)
Scrolls
 c - 2 scrolls of vulnerability
 f - 4 scrolls of enchant armour
 j - 3 scrolls of teleportation
 k - a scroll of fog
 n - 3 scrolls of immolation
 A - a scroll of summoning {unknown}
 B - a scroll of brand weapon {unknown}
Potions
 b - a potion of brilliance {unknown}
 e - 2 potions of curing
 h - 6 potions of attraction
 l - a potion of mutation {unknown}
 m - a potion of haste {unknown}
 o - 2 potions of heal wounds
 u - 3 potions of berserk rage {unknown}


   Skills:
 + Level 3.8 Fighting
 - Level 1.0 Armour
 + Level 3.6 Dodging
 - Level 10.0 Stealth
 + Level 2.8 Shields
 + Level 8.9 Spellcasting
 + Level 4.7 Conjurations
 - Level 1.0 Transmutations
 + Level 11.2 Poison Magic
 - Level 5.0 Invocations
 - Level 2.0 Evocations


You had 15 spell levels left.
You knew the following spells:

 Your Spells              Type           Power      Damage    Failure   Level
a - Sting                 Tmut/Pois      100%       1d8       1%          1
b - Poisonous Vapours     Pois/Air       62%        N/A       2%          2
c - Mephitic Cloud        Conj/Pois/Air  30%        N/A       6%          3
d - Searing Ray           Conj           54%        2d6       4%          2
o - Olgreb's Toxic Radia  Pois           52%        N/A       1%          4

Your spell library contained the following spells:

 Spells                   Type           Power      Damage    Failure   Level
 Magic Dart               Conj           100%       1d8       2%          1
 Summon Small Mammal      Summ           32%        N/A       19%         1
 Wereblood                Tmut           12%        N/A       19%         2
 Sublimation of Blood     Necr           8%         N/A       28%         2
 Call Canine Familiar     Summ           8%         N/A       50%         3
 Summon Guardian Golem    Hex/Summ       8%         N/A       50%         3
 Fulminant Prism          Conj/Hex       9%         3d7       56%         4
 Animate Dead             Necr           4%         N/A       88%         4
 Borgnjor's Vile Clutch   Necr/Erth      4%         N/A       99%         5
 Death Channel            Necr           4%         N/A       100%        6
 Summon Hydra             Summ           4%         N/A       100%        7


Dungeon Overview and Level Annotations

Branches:
Dungeon (10/15)            Temple (0/1) D:5            Lair (0/6) D:10
Ossuary (visited)
    Orc: D:9-12

Altars:
Fedhas
Kikubaaqudgha
Makhleb
Qazlal
Ru
Trog
Wu Jian
Yredelemnul
Lugonu

Shops:
D:4 *   D:7 *

Annotations:
D:10 Snorg


Innate Abilities, Weirdness & Mutations

Your serpentine skin is tough. (AC +3)
You have supernaturally acute eyesight. (SInv)
Armour fits poorly on your strangely shaped body.
Your system is resistant to poisons. (rPois)
You cover ground very slowly.
You can spit poison.
You have a snake-like lower body.


Message History

Snorg is lightly wounded.
The sting hits Snorg.
Snorg looks as sick as possible!
Snorg is moderately wounded.
The sting hits Snorg!
Snorg looks as sick as possible!
Snorg is moderately wounded.
You block Snorg's attack. Snorg closely misses you. Snorg barely misses you.
Casting: Sting (safe; 1% risk of failure)
Confirm with . or Enter, or press ? or * to list all spells.
Aiming: Searing Ray (safe; 4% risk of failure)
Press: ? - help, Shift-Dir - straight line, f/p - Snorg
Aim: Snorg (moderately wounded, extremely poisoned, 79% to hit)
The searing ray misses Snorg. (Press . to maintain the ray.) Snorg closely misses you.
Snorg claws you. Snorg barely misses you.
Unknown command.
The searing ray hits Snorg!
Snorg is heavily wounded.
Snorg goes berserk!
The searing ray misses Snorg.
Snorg bites you!! Snorg claws you! x2
The searing ray hits Snorg.
Snorg is heavily wounded.
You finish channelling your searing ray.
You block Snorg's attack. x2; Snorg claws you!
Snorg bites you!
* * * LOW HITPOINT WARNING * * *
Snorg claws you but does no damage. Snorg claws you!
* * * LOW HITPOINT WARNING * * *
Okay, then.
Space bends sharply around you!
You blink.
Casting: Searing Ray (safe; 4% risk of failure)
Confirm with . or Enter, or press ? or * to list all spells.
Okay, then.
Unknown command.
Press: ? - help, Shift-Dir - straight line, f/p - Snorg
Aim: Snorg (heavily wounded, berserk, extremely poisoned, chance to affect: 50%)
You fail to use your ability.
Snorg rages.
Press: ? - help, Shift-Dir - straight line, f/p - Snorg
Aim: Snorg (heavily wounded, berserk, very poisoned, chance to affect: 50%) Snorg resists with significant effort.
Snorg misses you. Snorg claws you!
You die...

..........###.###..###
........(..#....##..#
##................##.#
#..............####..#
.................#####
.............#....#
.............####.#
...............####
.........T@.....#
...$...ยง..(...###
.............##
.##..........#
#......#..##
#..##.#.#.## ##.
..##### . .## . <.


You could see Snorg (berserk, very poisoned).

Vanquished Creatures
  3 two-headed ogres
  Pikel (D:6)
  Maggie (D:9)
  A komodo dragon (D:10)
  A hornet (D:7)
  Prince Ribbit (D:7)
  Sigmund (D:5)
  A shadow (D:10)
  8 yaks
  A steam dragon (D:8)
  Menkaure (D:4)
  5 water moccasins
  Duvessa (D:4)
  3 black bears
  An ice beast (D:5)
  3 orc warriors (D:9)
  A sky beast (D:6)
  3 ogres
  2 centaurs
  3 lemures (D:6)
  2 kobold brigands
  A wyvern zombie (D:7)
  A scorpion (D:5)
  Dowan (D:4)
  A centaur zombie (D:8)
  2 hounds (D:5)
  2 human zombies (Ossuary)
  4 orc priests
  A gnoll shaman (D:6)
  2 centaur skeletons
  Jessica (D:3)
  Ijyb (D:3)
  6 iguanas
  6 orc wizards
  5 mummies
  A hound skeleton (D:4)
  A howler monkey zombie (D:8)
  7 gnolls
  6 adders
  3 worms
  A dart slug (D:2)
  32 orcs
  7 ball pythons
  5 endoplasms
  6 giant cockroaches
  8 goblins
  8 hobgoblins
  2 quokkas
  7 bats
  5 frilled lizards
  A goblin zombie (Ossuary)
  A hobgoblin zombie (Ossuary)
  12 kobolds
  2 kobold zombies (Ossuary)
  2 orc zombies (Ossuary)
  7 rats
202 creatures vanquished.

Vanquished Creatures (others)
  12 plants
12 creatures vanquished.

Grand Total: 214 creatures vanquished

Notes
Turn   | Place    | Note
-------+----------+-------------------------------------------
     0 | D:1      | oldriver the Naga Venom Mage began the quest for the Orb.
     0 | D:1      | Reached XP level 1. HP: 15/15 MP: 3/3
   566 | D:1      | Reached XP level 2. HP: 22/22 MP: 3/5
   598 | D:1      | Learned a level 2 spell: Poisonous Vapours
  1728 | D:1      | Found a stormy altar of Qazlal.
  1814 | D:2      | Found an ancient bone altar of Kikubaaqudgha.
  1912 | D:2      | Found a faded altar of an unknown god.
  1982 | D:2      | Prayed at the altar of an unknown god.
  1982 | D:2      | Became a worshipper of Lugonu the Unformed
  1982 | D:2      | Reached * piety under Lugonu
  1982 | D:2      | Reached ** piety under Lugonu
  2208 | D:2      | Reached XP level 3. HP: 28/28 MP: 2/6
  3453 | D:3      | Learned a level 3 spell: Mephitic Cloud
  3455 | D:3      | Noticed Jessica
  3469 | D:3      | Killed Jessica
  3470 | D:3      | Reached skill level 5 in Poison Magic
  3470 | D:3      | Reached skill level 1 in Invocations
  3470 | D:3      | Reached XP level 4. HP: 36/36 MP: 1/8
  3506 | D:3      | Noticed Ijyb
  3511 | D:3      | Killed Ijyb
  3797 | D:3      | Found an ornate altar of the Wu Jian Council.
  3887 | D:3      | Reached XP level 5. HP: 42/42 MP: 5/9
  3929 | D:3      | Reached skill level 5 in Stealth
  4158 | D:3      | Noticed an ogre
  4174 | D:3      | Killed an ogre
  4447 | D:3      | Reached *** piety under Lugonu
  4643 | D:3      | Reached XP level 6. HP: 45/49 MP: 5/11
  5242 | D:4      | Noticed Menkaure
  5424 | D:4      | Found Inadoddisk's Gadget Gallery.
  5696 | D:4      | Noticed Duvessa
  5709 | D:4      | Killed Duvessa
  5710 | D:4      | Reached skill level 6 in Poison Magic
  5710 | D:4      | Reached skill level 1 in Evocations
  5866 | D:4      | Noticed Dowan
  6017 | D:4      | Killed Dowan
  6018 | D:4      | Reached XP level 7. HP: 35/55 MP: 1/12
  6249 | D:4      | Killed Menkaure
  6274 | D:4      | Learned a level 4 spell: Olgreb's Toxic Radiance
  6593 | D:5      | Entered Level 5 of the Dungeon
  7142 | D:5      | Reached skill level 7 in Poison Magic
  7409 | D:5      | Reached XP level 8. HP: 19/62 MP: 1/15
  7741 | D:5      | Noticed Sigmund
  7747 | D:5      | Killed Sigmund
  7748 | D:5      | Reached skill level 5 in Spellcasting
  7973 | D:5      | Reached skill level 8 in Poison Magic
  8421 | D:5      | Found a staircase to the Ecumenical Temple.
  9237 | D:6      | Found a sand-covered staircase.
  9244 | Ossuary  | Entered an ossuary
  9346 | Ossuary  | Upgraded the game from 0.28-a0-1616-g050a50673c to
                  | 0.28-a0-1624-g820543e53a
  9386 | Ossuary  | Learned a level 2 spell: Searing Ray
  9721 | Ossuary  | Reached XP level 9. HP: 58/68 MP: 1/18
  9983 | Ossuary  | Reached skill level 10 in Stealth
 10186 | Ossuary  | Reached skill level 9 in Poison Magic
 10478 | D:6      | Found a bloodstained altar of Trog.
 10487 | D:6      | Reached skill level 1 in Conjurations
 10784 | D:6      | HP: 3/68 [yak (10)]
 11768 | D:6      | Reached skill level 10 in Poison Magic
 11908 | D:6      | Noticed Pikel
 11924 | D:6      | Killed Pikel
 12411 | D:6      | Found a blossoming altar of Fedhas.
 12412 | D:6      | Found a stormy altar of Qazlal.
 12413 | D:6      | Found a burning altar of Makhleb.
 12414 | D:6      | Found a sacrificial altar of Ru.
 12530 | D:7      | Noticed a hornet
 12570 | D:7      | Killed a hornet
 12571 | D:7      | Reached skill level 1 in Fighting
 12748 | D:7      | Found Doptated's Assorted Antiques.
 12753 | D:7      | Bought a potion of heal wounds for 105 gold pieces
 12753 | D:7      | Bought a puce potion for 18 gold pieces
 12753 | D:7      | Bought a scroll labelled ASORAI XEMP for 21 gold pieces
 12817 | D:7      | Found a basalt altar of Yredelemnul.
 12854 | D:7      | Reached XP level 10. HP: 46/79 MP: 8/22
 13404 | D:7      | Noticed Prince Ribbit
 13440 | D:7      | Killed Prince Ribbit
 14009 | D:8      | Reached skill level 1 in Shields
 14334 | D:8      | Noticed a two-headed ogre
 14678 | D:8      | Killed a two-headed ogre
 15655 | D:8      | Reached **** piety under Lugonu
 15952 | D:8      | Identified a scroll of acquirement
 15952 | D:8      | Acquired a +2 barding of flying
 16056 | D:9      | Noticed Maggie
 16072 | D:9      | Killed Maggie
 16660 | D:9      | Noticed a two-headed ogre
 16724 | D:9      | Killed a two-headed ogre
 16725 | D:9      | Reached skill level 11 in Poison Magic
 16725 | D:9      | Reached XP level 11. HP: 24/90 MP: 0/23
 18057 | D:9      | Acquired 619 gold pieces
 18063 | D:10     | Entered Level 10 of the Dungeon
 18079 | D:10     | Found a staircase to the Lair.
 18080 | D:10     | Noticed a two-headed ogre
 18099 | D:10     | Killed a two-headed ogre
 18100 | D:10     | Reached skill level 5 in Invocations
 18114 | D:10     | Reached skill level 1 in Armour
 18482 | D:10     | Noticed Snorg
 18494 | D:10     | Mangled by Snorg

Illustrated notes

Levels and vault maps discovered:
D:1:      dpeg_arrival_water_altar, layout_basic
D:2:      layout_basic, basic_altar, hellmonk_ecumenical_altar_crossroads
D:3:      layout_rooms, nzn_wu_jian_council_hall, hangedman_decor_growths,
          eino_tiny_chamber, minmay_diced_spiral, uniq_ijyb, uniq_jessica
D:4:      layout_basic, skrybe_limestone_x, roderic_roman_lattice,
          nicolae_shop_gadgets, uniq_duvessa, uniq_menkaure
D:5:      layout_loops_cross, minmay_temple_entry_waves, uniq_sigmund
D:6:      layout_rooms, trog_ov_bears_minmay, mainiacjoe_overflow_alcove_3,
          gup_ossuary_entry_pyramid, uniq_pikel
D:7:      layout_rooms, mainiacjoe_overflow_24_doors, serial_shops, shop,
          uniq_prince_ribbit1
D:8:      layout_basic, enter_bailey_2
D:9:      layout_cave_pods, uniq_maggie
D:10:     layout_big_octagon, david_lair_shrubbed, hiddenorc1_lemuel, uniq_snorg

Skill      XL: |  1  2  3  4  5  6  7  8  9 10 11 |
---------------+----------------------------------+-----
Stealth        | 4 5 6 8 9 10 | 10.0
Poison Magic   | 5 6 7 8 10 11 | 11.2
Invocations    | 1 2 4 5 |  5.0
Spellcasting   | 3 4 6 8 |  8.9
Evocations     | 1 2 |  2.0
Conjurations   | 3 4 |  4.7
Fighting       | 1 3 |  3.8
Dodging        | 2 3 |  3.6
Shields        | 2 |  2.8
Armour         | 1 |  1.0
Transmutations | |  1.0

Action                   |  1- 3 |  4- 6 |  7- 9 | 10-12 || total
-------------------------+-------+-------+-------+-------++-------
Melee: Unarmed           |     6 |       |       |       ||     6
       Club              |     4 |     1 |       |       ||     5
       Flail             |       |     9 |    63 |    10 ||    82
       Punch             |       |       |     1 |       ||     1
 Cast: Sting             |    54 |    67 |   152 |    85 ||   358
       Poisonous Vapours |    26 |    39 |    68 |    22 ||   155
       Searing Ray       |       |       |    22 |    15 ||    37
       Olgreb's Toxic Ra |       |       |     3 |    26 ||    29
       Mephitic Cloud    |       |       |     1 |     5 ||     6
Invok: Bend Space        |       |       |     1 |     1 ||     2
       Banish            |       |       |       |     1 ||     1
Evoke: Wand              |     1 |     4 |     7 |       ||    12
  Use: Scroll            |       |       |    15 |     2 ||    17
       Potion            |       |       |    15 |       ||    15
 Stab: Sleeping          |       |       |       |     1 ||     1
Armor: Robe              |     5 |    11 |    70 |    19 ||   105
       Skin              |       |       |     7 |       ||     7
       Steam dragon scal |       |       |       |    12 ||    12
Dodge: Dodged            |    22 |    32 |   147 |    64 ||   265
Block: Kite shield       |       |       |       |    42 ||    42

Table legend: (Time is in decaauts)
 A = Elapsed time spent in this place.
 B = Non-inter-level travel time spent in this place.
 C = Inter-level travel time spent in this place.
 D = Time resting spent in this place.
 E = Time spent auto-exploring this place.
 F = Levels seen in this place.
 G = Mean time per level.
                   A        B        C        D        E       F      G
               +--------+--------+--------+--------+--------+-----+--------+
         Total |  21121 |  20412 |    709 |   8131 |   9626 |  11 | 1920.1 |
       Dungeon |  19986 |  19277 |    709 |   7546 |   9243 |  10 | 1998.6 |
       Ossuary |   1134 |   1134 |      0 |    585 |    382 |   1 | 1134.0 |
               +--------+--------+--------+--------+--------+-----+--------+

Top non-repeatable levels by time:
     D:6: 2590 daAuts
     D:5: 2448 daAuts
     D:8: 2260 daAuts
     D:1: 2217 daAuts
     D:4: 2196 daAuts
     D:3: 2166 daAuts
     D:9: 2110 daAuts
     D:7: 1976 daAuts
     D:2: 1548 daAuts
 Ossuary: 1134 daAuts
    D:10: 472 daAuts
